 Dungeon Crawl Stone Soup version 0.29.0-13-gc9e81de378 (webtiles) character file.

Game seed: 12052486960374822473

26838 mtoz the Cleaver (level 13, 0/114 (116) HPs)
             Began as a Hill Orc Fighter on Sept 9, 2022.
             Was a High Priest of Okawaru.
             Slain by a death yak (11 damage)
             ... on level 4 of the Lair of Beasts.
             The game lasted 01:09:03 (17534 turns).

mtoz the Cleaver (Hill Orc Fighter)                Turns: 17534, Time: 01:09:04

HP:   0/114 (116)   AC: 24    Str: 24    XL:     13   Next: 28%
MP:   14/21         EV: 10    Int:  8    God:    Okawaru [*****.]
Gold: 1499          SH:  0    Dex: 10    Spells: 12/12 levels left

rFire   . . .      SeeInvis .   E - +0 battleaxe (flame)
rCold   . . .      Faith    .   (shield currently unavailable)
rNeg    . . .      Spirit   .   C - +0 plate armour
rPois   +          Reflect  .   c - +1 hat {Stlth+}
rElec   .          Harm     .   (no cloak)
rCorr   +          Rampage  .   M - +1 pair of gloves
Will    .....                   J - +2 pair of boots
Stlth   ..........              n - amulet of regeneration
HPRegen 1.09/turn               I - ring of resist corrosion
MPRegen 0.17/turn               x - ring of poison resistance

@: heroic, finesse-ful, lightly drained
A: no striking features
a: Renounce Religion, Heroism, Finesse, Duel


You were on level 4 of the Lair of Beasts.
You worshipped Okawaru.
Okawaru was extremely pleased with you.
You visited 2 branches of the dungeon, and saw 13 of its levels.
You also visited: Ossuary.

You collected 1499 gold pieces.

Inventory:

Hand Weapons
 E - a +0 battleaxe of flaming (weapon)
Missiles
 j - 51 stones
 m - 3 curare-tipped darts
 r - 3 boomerangs (quivered)
 u - 2 silver javelins
 F - 5 javelins
 Q - 4 poisoned darts
Armour
 c - a +1 hat of stealth (worn)
 s - the +0 pair of boots of Inevitability {Rampage rElec rC- Int+3}
   (Okawaru gifted it to you on level 3 of the Lair of Beasts)

   Int:       It affects your intelligence (+3).
   rC:        It makes you vulnerable to cold.
   rElec:     It insulates you from electricity.
   Rampage:   It bestows one free step when moving towards enemies.
 y - a +0 chain mail
 C - a +0 plate armour (worn)
 J - a +2 pair of boots (worn)
 M - a +1 pair of gloves (worn)
Jewellery
 n - an amulet of regeneration (around neck)
 x - a ring of poison resistance (right hand)
 I - a ring of resist corrosion (left hand)
Wands
 b - a wand of digging (3)
Scrolls
 e - 3 scrolls of blinking
 f - 2 scrolls of enchant weapon
 g - a scroll of silence
 i - 8 scrolls of teleportation
 k - 2 scrolls of fear
 l - 2 scrolls of poison
 o - 3 scrolls of immolation
 t - 2 scrolls of vulnerability
 v - 3 scrolls of identify
 z - 4 scrolls of amnesia
 A - a scroll of acquirement
 G - 2 scrolls of torment
 H - 2 scrolls of magic mapping
Potions
 a - a potion of haste {unknown}
 d - 2 potions of might
 h - a potion of berserk rage
 p - 3 potions of curing
 q - 2 potions of mutation
 w - a potion of ambrosia
 B - 5 potions of invisibility
 D - a potion of cancellation {unknown}
 R - 2 potions of flight
 V - a potion of lignification
 Y - 2 potions of attraction


   Skills:
 + Level 11.6(16.6) Fighting
 + Level 12.3(17.3) Axes
 + Level 8.4(13.4) Throwing
 + Level 10.8(15.8) Armour
 + Level 3.6(8.6) Dodging
 - Level 9.6(14.6) Shields
 + Level 10.9 Invocations


You had 12 spell levels left.
You didn't know any spells.
Your spell library contained the following spells:

 Spells                   Type           Power      Damage    Failure   Level
 Stone Arrow              Conj/Erth      0%         3d7       100%        3
 Lehudib's Crystal Spear  Conj/Erth      0%         10d2      100%        8
 Animate Armour           Summ/Erth      Unusable   N/A       N/A         4

Dungeon Overview and Level Annotations

Branches:
Dungeon (8/15)             Temple (0/1) D:6            Lair (5/5) D:8
 Shoals (0/4) Lair:2       Spider (0/4) Lair:3      Ossuary (visited)
  Slime: Lair:4-5

Altars:
Ashenzari
Gozag
Hepliaklqana
Okawaru
Qazlal
Ru
Sif Muna
Vehumet

Shops:
D:2 (

Annotations:
D:6 2 transporters, sobakacece's ghost, novice MfGl


Message History

The death yak gores you! x2
The death yak snorts and paws the water.
The death yak gores you but does no damage.
You can now deal lightning-fast blows.
The death yak gores you!
* * * LOW HITPOINT WARNING * * *
The death yak gores you but does no damage.
The death yak gores you!
* * * LOW HITPOINT WARNING * * *
You barely miss the death yak.
The death yak is heavily wounded.
You hit the death yak. You burn the death yak. You slash the death yak!
You burn the death yak. You barely miss the death yak.
The death yak is heavily wounded.
You slash the death yak! You burn the death yak. You slash the death yak!
You burn the death yak.
You feel better.
The death yak gores you but does no damage.
The death yak barely misses you.
The death yak gores you but does no damage.
You slash the death yak! You burn the death yak.
The death yak is severely wounded.
You slice the death yak!! You burn the death yak.
You completely miss the death yak.
The death yak gores you but does no damage.
The death yak gores you!
* * * LOW HITPOINT WARNING * * *
The death yak gores you but does no damage.
You slash the death yak! You burn the death yak.
The death yak is almost dead.
You hit the death yak but do no damage. You hit the death yak.
You burn the death yak. You slash the death yak! You burn the death yak.
You kill the death yak!
Okawaru accepts your kill.
You hit the death yak but do no damage. You slash the death yak!
You burn the death yak. The death yak barely misses you.
The death yak gores you!
You die...

#.#..#....##.........
##........#.....#...#.
##..~~~~~.###...##.#.##
##.~~≈≈≈≈~~.##...#..#..#
##..~≈≈≈≈≈≈~.##...##....#
#..~≈≈≈≈≈≈≈≈~~..#......##
##.~≈≈≈≈≈≈≈~............#
#..≈≈~~†Y~...........##.
##.~~~.@Y~..............
#######..................###.
###P##.#..>..............P##...
#..............#.#.............
##...##.....##.####...#.####.###
#P.######...######..##### ####.
##.# #....# ##.#.# ## ##.#
###..# ##.##.# # #..# ##>##
#...#### #


You could see 2 death yaks.

Vanquished Creatures
  Gastronok (Lair:3)
  2 boulder beetles
  6 hydras
  A death yak (Lair:4)
  Pikel (D:7)
  A manticore (Lair:2)
  8 cane toads
  3 black mambas
  A torpor snail (Lair:3)
  7 komodo dragons
  A rime drake (Lair:1)
  A wind drake (Lair:2)
  17 blink frogs
  2 dream sheep (Lair:3)
  2 culicivoras (Lair:3)
  2 wyverns
  19 yaks
  2 steam dragons
  4 vampire mosquitoes
  Grum (Lair:1)
  2 basilisks
  Edmund (D:5)
  An acid dragon (D:8)
  10 water moccasins
  3 sky beasts
  3 black bears (D:8)
  17 wolves
  2 phantoms (D:6)
  2 centaurs (D:8)
  A lemure (D:7)
  Blork the orc (D:5)
  6 bullfrogs
  12 scorpions
  4 wights (D:7)
  10 killer bees
  A howler monkey (D:8)
  2 human zombies (Ossuary)
  An orc priest (D:8)
  2 hounds
  A jelly (D:7)
  An iguana (D:6)
  11 hell rats
  4 scorpion zombies (Ossuary)
  3 orc wizards
  3 mummies (Ossuary)
  6 adders
  3 shadow imps
  2 white imps
  7 dart slugs
  17 orcs
  4 endoplasms
  3 giant cockroaches
  8 hobgoblins
  2 jackals (D:1)
  12 kobolds
  7 quokkas
  3 ball pythons
  5 bats
  8 frilled lizards
  3 gnoll zombies (Ossuary)
  8 goblins
  A goblin zombie (Ossuary)
  3 hobgoblin zombies (Ossuary)
  3 kobold zombies (Ossuary)
  3 orc zombies (Ossuary)
  11 rats
305 creatures vanquished.

Vanquished Creatures (others)
  A blink frog (Lair:1)
  A swamp drake (Lair:1)
  75 fungi
  62 plants
139 creatures vanquished.

Grand Total: 444 creatures vanquished

Notes
Turn   | Place    | Note
-------+----------+-------------------------------------------
     0 | D:1      | mtoz the Hill Orc Fighter began the quest for the Orb.
     0 | D:1      | Reached XP level 1. HP: 19/19 MP: 1/1
   106 | D:1      | Reached XP level 2. HP: 22/27 MP: 2/2
   112 | D:1      | Reached skill level 3 in Axes
   680 | D:1      | Reached XP level 3. HP: 30/33 MP: 3/3
  1094 | D:2      | Reached skill level 1 in Throwing
  1323 | D:2      | Reached XP level 4. HP: 40/40 MP: 4/4
  1325 | D:2      | Found Kaewnodd's Weapon Shoppe.
  1810 | D:3      | Found a faded altar of an unknown god.
  2810 | D:4      | Reached XP level 5. HP: 47/47 MP: 5/5
  3037 | D:4      | Found a shimmering blue altar of Sif Muna.
  3447 | D:5      | Entered Level 5 of the Dungeon
  3489 | D:5      | Noticed Blork the orc
  3496 | D:5      | Killed Blork the orc
  3497 | D:5      | Reached skill level 4 in Axes
  3497 | D:5      | Reached XP level 6. HP: 35/53 MP: 6/6
  4162 | D:5      | Noticed Edmund
  4174 | D:5      | Killed Edmund
  4175 | D:5      | Reached skill level 5 in Fighting
  4494 | D:5      | Reached XP level 7. HP: 61/61 MP: 7/7
  5040 | D:6      | Reached skill level 5 in Axes
  5065 | D:6      | Found a transporter.
  5065 | D:6      | Found a transporter.
  5087 | D:6      | Found a radiant altar of Vehumet.
  5088 | D:6      | Found a stormy altar of Qazlal.
  5088 | D:6      | Found a broken altar of Ashenzari.
  5091 | D:6      | Found an iron altar of Okawaru.
  5140 | D:6      | Reached skill level 5 in Shields
  5552 | D:6      | Noticed sobakacece's ghost (novice MfGl)
  5554 | D:6      | Identified the +6 great mace of Foolhardiness {vorpal,
                  | Will+ Str+2 Dex-2}
  5554 | D:6      | Noticed a two-headed ogre
  5581 | D:6      | Reached skill level 5 in Armour
  5688 | D:6      | Found a staircase to the Ecumenical Temple.
  5729 | D:6      | Became a worshipper of Warmaster Okawaru
  6007 | D:7      | Found an opulent altar of Gozag.
  6022 | D:7      | Reached XP level 8. HP: 63/70 MP: 8/8
  6261 | D:7      | Identified the +3 trident "Vysaynam" {holy, *Noise rC+
                  | Str+6 Stlth+}
  6346 | D:7      | Found a sand-covered staircase.
  6387 | Ossuary  | Entered an ossuary
  6410 | Ossuary  | Reached skill level 1 in Invocations
  6417 | Ossuary  | Reached skill level 6 in Axes
  6634 | Ossuary  | Reached * piety under Okawaru
  6914 | Ossuary  | Reached XP level 9. HP: 78/78 MP: 8/11
  7295 | D:7      | Found a hazy altar of Hepliaklqana.
  7519 | D:8      | Reached skill level 7 in Axes
  7853 | D:8      | Reached ** piety under Okawaru
  8121 | D:8      | Noticed Pikel
  8211 | D:7      | Killed Pikel
  8212 | D:7      | Reached skill level 5 in Throwing
  8212 | D:7      | Reached skill level 5 in Invocations
  8503 | D:7      | Reached skill level 8 in Axes
  8614 | D:8      | Reached XP level 10. HP: 73/88 MP: 14/14
  8630 | D:8      | Reached *** piety under Okawaru
  8738 | D:8      | Found a staircase to the Lair.
  9029 | D:8      | Found a sacrificial altar of Ru.
  9242 | Lair:1   | Entered Level 1 of the Lair of Beasts
  9263 | Lair:1   | Noticed a cane toad
  9270 | Lair:1   | Killed a cane toad
  9330 | Lair:1   | Received a gift from Okawaru
  9348 | Lair:1   | Noticed a four-headed hydra
  9364 | Lair:1   | Killed a four-headed hydra
  9641 | Lair:1   | Reached **** piety under Okawaru
  9670 | Lair:1   | Reached skill level 9 in Axes
  9941 | D:8      | Received a gift from Okawaru
 10245 | Lair:1   | Reached XP level 11. HP: 37/97 MP: 13/16
 10522 | Lair:1   | Noticed a boulder beetle
 10546 | Lair:1   | Killed a boulder beetle
 10676 | Lair:1   | Noticed a six-headed hydra
 10686 | Lair:1   | Killed a six-headed hydra
 10940 | Lair:1   | Noticed Grum
 10956 | Lair:1   | Killed Grum
 11641 | Lair:2   | Identified a scroll of acquirement
 11704 | Lair:1   | Reached skill level 10 in Axes
 11817 | Lair:2   | Noticed a manticore
 11914 | Lair:2   | Killed a manticore
 11927 | Lair:2   | Received a gift from Okawaru
 12024 | Lair:2   | Found a staircase to the Shoals.
 12032 | Lair:2   | Noticed a five-headed hydra
 12675 | Lair:2   | Reached skill level 10 in Fighting
 13234 | Lair:2   | Noticed a four-headed hydra
 13252 | Lair:2   | Killed a four-headed hydra
 13252 | Lair:2   | Received a gift from Okawaru
 13252 | Lair:2   | Reached ***** piety under Okawaru
 13253 | Lair:2   | Reached XP level 12. HP: 45/106 MP: 16/18
 13544 | Lair:2   | Noticed an eight-headed hydra
 13556 | Lair:2   | Killed an eight-headed hydra
 14109 | Lair:2   | Reached skill level 11 in Axes
 14218 | Lair:2   | Received a gift from Okawaru
 14776 | Lair:2   | Acquired 557 gold pieces
 14958 | Lair:2   | Reached skill level 1 in Dodging
 15232 | Lair:3   | Noticed Gastronok
 15238 | Lair:3   | Reached skill level 10 in Armour
 15240 | Lair:3   | Received a gift from Okawaru
 15255 | Lair:3   | Killed Gastronok
 15256 | Lair:3   | Reached skill level 10 in Invocations
 15435 | Lair:3   | Noticed an eight-headed hydra
 15442 | Lair:3   | Killed a six-headed hydra
 15442 | Lair:3   | Reached ****** piety under Okawaru
 15442 | Lair:3   | Identified the +0 pair of boots of Inevitability {Rampage
                  | rElec rC- Int+3} (Okawaru gifted it to you on level 3 of
                  | the Lair of Beasts)
 15442 | Lair:3   | Received a gift from Okawaru
 15740 | Lair:3   | Noticed a five-headed hydra
 15746 | Lair:3   | Killed a one-headed hydra
 15785 | Lair:3   | HP: 3/110 [culicivora (19)]
 15882 | Lair:3   | Reached XP level 13. HP: 99/116 MP: 17/20
 15898 | Lair:3   | Found a hole to the Spider Nest.
 16243 | Lair:3   | Reached skill level 12 in Axes
 17514 | Lair:5   | Entered Level 5 of the Lair of Beasts
 17534 | Lair:4   | Slain by a death yak

Illustrated notes

Levels and vault maps discovered:
D:1:      wheals_arrival_shading, layout_loops_cross, nrook_mini_backslash
D:2:      layout_rooms, serial_shops, shop_statue, minmay_misc_feat_nine_boxes,
          palyth_stone_intersect
D:3:      layout_loops_ring, basic_ecumenical_altar
D:4:      layout_loops_corners, mainiacjoe_overflow_brackets
D:5:      layout_layer_cave, uniq_blork_the_orc, uniq_edmund
D:6:      layout_gridville, chequers_temple_overflow_statue_of_worship,
          minmay_temple_entry_enclosed_plants, gammafunk_ghost_smash
D:7:      layout_loops_cross, mainiacjoe_overflow_24_doors,
          mainiacjoe_overflow_alcove_2, nicolae_ossuary_entry_ruins
D:8:      layout_basic, nicolae_ru_awakened_eye, due_lair_maze_entry_diamond,
          chequers_serial_rivers_micro_a, uniq_pikel
Lair:1:   layout_loops_ring, pond, uniq_grum
Lair:2:   layout_cave_pods, minmay_shoals_entry_beasts
Lair:3:   layout_concentric_octagons, hellmonk_spider_entry_life_and_decay,
          uniq_gastronok
Lair:4:   layout_loops_ring, grunt_megastairs_4, infiniplex_staircase_pool
Lair:5:   wormcave, layout_misc_corridors, guppyfry_lair_end_dragon,
          dpeg_slime_entry_enclosed

Skill      XL: |  1  2  3  4  5  6  7  8  9 10 11 12 13 |
---------------+----------------------------------------+-----
Axes           | 3 4 5 6 8 9 10 11 12 | 12.3
Fighting       | 4 5 6 7 9 10 11 | 11.6
Throwing       | 1 2 3 4 5 6 7 8 |  8.4
Shields        | 4 5 6 7 8 9 |  9.6
Armour         | 4 5 6 7 8 9 10 | 10.8
Invocations    | 3 5 7 9 10 | 10.9
Dodging        | 3 |  3.6

Action                   |  1- 3 |  4- 6 |  7- 9 | 10-12 | 13-15 || total
-------------------------+-------+-------+-------+-------+-------++-------
Melee: War axe           |   119 |    61 |       |   311 |       ||   491
       Hand axe          |       |    45 |   240 |    44 |       ||   329
       Trident           |       |       |       |    51 |       ||    51
       Battleaxe         |       |       |       |   141 |   124 ||   265
Throw: Stone             |     7 |     3 |    22 |    23 |       ||    55
       Dart              |       |     2 |    13 |     6 |       ||    21
       Boomerang         |       |       |       |    50 |     5 ||    55
       Javelin           |       |       |       |     6 |       ||     6
Invok: Heroism           |       |       |     5 |    14 |     3 ||    22
       Finesse           |       |       |       |     5 |     2 ||     7
  Use: Scroll            |     3 |     4 |     7 |    14 |       ||    28
       Potion            |       |     2 |     6 |     5 |     1 ||    14
 Stab: Distracted        |       |       |     4 |       |       ||     4
       Confused          |       |       |       |     1 |       ||     1
Armor: Scale mail        |    56 |    21 |       |       |       ||    77
       Chain mail        |       |     6 |   100 |   306 |    62 ||   474
       Plate armour      |       |       |       |       |    18 ||    18
Dodge: Dodged            |    49 |    26 |    47 |   231 |    81 ||   434
Block: Buckler           |    39 |    44 |   105 |   265 |       ||   453
       Reflection        |       |     1 |     2 |     2 |       ||     5
